 Dungeon Crawl Stone Soup version 0.31-a0-1027-gfb7600b534 (webtiles) character file.

Game seed: 3523638767703045941

845 Conn the Sneak (level 8, -2/46 HPs)
             Began as an Octopode Fire Elementalist on Nov 18, 2023.
             Was a Follower of Sif Muna.
             Slain by an ogre
             ... wielding a +0 giant club
              (32 damage)
             ... on level 5 of the Dungeon.
             The game lasted 00:16:45 (4913 turns).

Conn the Sneak (Octopode Fire Elementalist)         Turns: 4913, Time: 00:16:46

Health: -2/46      AC:  3    Str: 13    XL:     8   Next: 0%
Magic:  11/13      EV: 13    Int: 21    God:    Sif Muna [*.....]
Gold:   166        SH:  7    Dex: 13    Spells: 4/14 levels left

rFire   . . .        y - +2 dagger (venom)
rCold   + . .        r - +3 buckler of Evolution {Int+2}
rNeg    . . .        (helmet restricted)
rPois   .            (no amulet)
rElec   .            e - +6 ring of strength
rCorr   .            l - +4 ring of slaying
SInv    .            o - ring of protection from cold
Will    .....        (no ring)
Stlth   ++++         (no ring)
HPRegen 0.27/turn    (no ring)
MPRegen 0.13/turn    (no ring)
                     (no ring)

%: random rage (3%)
@: no status effects
A: almost no armour, amphibious, 8 rings, camouflage 1, gelatinous body 1,
(nimble swimmer 1), tentacles, iridescent scales 1, berserk 1
a: Renounce Religion, Channel Magic


You were on level 5 of the Dungeon.
You worshipped Sif Muna.
Sif Muna was aware of your devotion.
You visited 2 branches of the dungeon, and saw 6 of its levels.
You also visited: Ossuary.

You collected 166 gold pieces.

Inventory:

Hand Weapons
 c - a +0 short sword
 d - a +0 dagger of venom
 y - a +2 dagger of venom (weapon)
Missiles
 i - 3 curare-tipped darts (quivered)
Armour
 r - the +3 buckler of Evolution (worn) {Int+2}
   (You acquired it on level 3 of the Dungeon)

   Int+2:     It affects your intelligence (+2).
Jewellery
 e - a +6 ring of strength (left tentacle)
 l - a +4 ring of slaying (right tentacle)
 o - a ring of protection from cold (on tentacle)
Wands
 x - a wand of flame (14)
Scrolls
 g - 4 scrolls of amnesia
 h - a scroll of poison
 j - a scroll of fear
 k - 2 scrolls of noise
 m - a scroll of enchant armour {unknown}
 n - a scroll of silence
 p - a scroll of enchant weapon {unknown}
 q - 4 scrolls of revelation
 s - a scroll of brand weapon {unknown}
 t - a scroll of blinking {unknown}
 u - a scroll of teleportation
Potions
 a - 2 potions of magic
 b - 2 potions of might
 f - 3 potions of curing
 v - 2 potions of lignification
 w - 2 potions of degeneration {unknown}
 z - 2 potions of mutation
 A - a potion of haste {unknown}


   Skills:
 + Level 3.5 Dodging
 + Level 5.1 Stealth
 * Level 3.0 Shields
 * Level 3.7 Spellcasting
 * Level 3.4 Conjurations
 + Level 2.0 Hexes
 + Level 4.3 Fire Magic
 * Level 2.2 Invocations


You had 4 spell levels left.
You knew the following spells:

 Your Spells              Type           Power      Damage    Failure   Level
a - Foxfire               Conj/Fire      80%        2x1d8     3%          1
b - Scorch                Fire           44%        2d6       4%          2
c - Inner Flame           Hex/Fire       17%        N/A       14%         3
d - Flame Wave            Conj/Fire      20%        2d7       34%         4

Your spell library contained the following spells:

 Spells                   Type           Power      Damage    Failure   Level
 Shock                    Conj/Air       44%        1d5       9%          1
 Volatile Blastmotes      Fire/Tloc      24%        2d12      21%         3
 Wereblood                Tmut           3%         N/A       26%         2
 Swiftness                Air            3%         N/A       45%         3
 Airstrike                Air            1%         2d(1-17)  86%         4
 Irradiate                Conj/Tmut      5%         3d13      93%         5


Dungeon Overview and Level Annotations

Branches:
Dungeon (5/15)             Temple (1/1) D:4         Ossuary (visited)

Altars:
Cheibriados
Dithmenos
Elyvilon
Fedhas
Gozag
Kikubaaqudgha
Makhleb
Okawaru
Qazlal
Ru
Sif Muna
Uskayaw
Wu Jian
Xom
Yredelemnul
Zin
The Shining One


Innate Abilities, Weirdness & Mutations

You cannot wear most types of armour.
You are amphibious.
You can wear up to eight rings at the same time.
Your skin changes colour to match your surroundings (Stealth+).
Your rubbery body absorbs attacks. (AC +1, EV +1)
((You are camouflaged when in or above water. (Stealth+)))
You have tentacles for arms and can constrict up to eight enemies at once.
You are partially covered in iridescent scales. (AC +2)
You sometimes lose your temper in combat.


Message History

Confirm with . or Enter, or press ? or * to list all spells.
You conjure some foxfire!
Unknown command.
The foxfire hits the orc priest.
The orc priest is moderately wounded.
The foxfire hits the orc priest.
The orc priest is moderately wounded.
The foxfire hits the orc priest!
The orc priest is almost dead.
Unknown command.
Unknown command.
Casting: Foxfire (safe; 3% risk of failure)
Confirm with . or Enter, or press ? or * to list all spells.
You conjure some foxfire!
The foxfire hits the orc priest.
The orc priest is almost dead.
Unknown command.
Casting: Foxfire (safe; 3% risk of failure)
Confirm with . or Enter, or press ? or * to list all spells.
You conjure some foxfire!
The foxfire hits the orc priest.
You kill the orc priest!
Sif Muna accepts your kill.
Your Shields skill increases to level 3!
You have reached level 8!
Your foxfire dissipates! x3
You see here a +0 mace.
Items here: )) [ รทรท.
Magic restored.
There is a stone staircase leading down here.
An ogre comes into view. It is wielding a +0 giant club.
You hit the ogre.
The ogre is poisoned.
The ogre is lightly wounded.
The ogre hits you with a +0 giant club!
Casting: Foxfire (safe; 3% risk of failure)
Confirm with . or Enter, or press ? or * to list all spells.
Flames lash the ogre.
The ogre is moderately wounded.
The ogre's fire resistance burns away.
The ogre hits you with a +0 giant club!!
Ouch! That really hurt!
You die...

#.###### #.##...#
#....#.# ####...#
##.## #.# #.#
######.######.##.
#.........@O......
..#####.........##
########.## #


You could see an ogre (very poisoned, combustible).

Vanquished Creatures
  A wraith (Ossuary)
  A black bear (D:4)
  An orc warrior (D:4)
  An ogre (D:4)
  A hound (D:5)
  3 iguanas
  3 orc priests
  2 orc wizards (D:4)
  A mummy (Ossuary)
  3 gnolls (D:4)
  5 adders
  2 dart slugs
  9 orcs
  5 ball pythons (D:1)
  9 endoplasms
  3 giant cockroaches
  2 goblins
  9 hobgoblins
  4 jackals
  7 kobolds
  4 quokkas
  6 bats
  3 frilled lizards
  4 gnoll skeletons (Ossuary)
  8 kobold skeletons (Ossuary)
  13 orc skeletons (Ossuary)
  2 quokka zombies (D:4)
  4 rats
116 creatures vanquished.

Vanquished Creatures (others)
  206 foxfires
206 creatures vanquished.

Grand Total: 322 creatures vanquished

Notes
Turn   | Place    | Note
-------+----------+-------------------------------------------
     0 | D:1      | Conn the Octopode Fire Elementalist began the quest for the
                  | Orb.
     0 | D:1      | Reached XP level 1. HP: 11/11 MP: 3/3
    92 | D:1      | Reached XP level 2. HP: 17/17 MP: 0/5
    95 | D:1      | Learned a level 2 spell: Scorch
   176 | D:1      | Reached skill level 3 in Stealth
   565 | D:1      | Reached XP level 3. HP: 21/21 MP: 1/6
   569 | D:1      | Learned a level 3 spell: Inner Flame
  1427 | D:2      | Reached XP level 4. HP: 27/27 MP: 7/7
  2370 | D:3      | Found a faded altar of an unknown god.
  2550 | D:3      | Identified a scroll of acquirement
  2551 | D:3      | Identified the of Kiolipn (You acquired it on level 3 of
                  | the Dungeon)
  2551 | D:3      | Acquired the +3 buckler of Evolution {Int+2}
  2714 | D:3      | Found a basalt altar of Yredelemnul.
  2800 | D:4      | Noticed an ogre
  2805 | D:4      | Killed an ogre
  2806 | D:4      | Reached skill level 4 in Stealth
  2806 | D:4      | Reached skill level 1 in Shields
  2806 | D:4      | Reached XP level 5. HP: 31/31 MP: 1/9
  2902 | D:4      | Found a blossoming altar of Fedhas.
  2991 | D:4      | Found a staircase to the Ecumenical Temple.
  3010 | Temple   | Entered the Ecumenical Temple
  3036 | Temple   | Became a worshipper of Sif Muna the Loreminder
  3091 | D:5      | Entered Level 5 of the Dungeon
  3112 | D:5      | HP: 1/31 [poisoned by an orc]
  3117 | D:5      | Reached skill level 1 in Hexes
  3117 | D:5      | Reached XP level 6. HP: 2/36 MP: 0/10
  3201 | D:4      | Found a sand-covered staircase.
  3208 | Ossuary  | Entered an ossuary
  3208 | Ossuary  | Noticed a wraith
  3208 | Ossuary  | Noticed a wraith
  3208 | Ossuary  | Noticed a wraith
  3543 | Ossuary  | Reached * piety under Sif Muna
  3751 | Ossuary  | Noticed a wraith
  3765 | Ossuary  | Learned a level 4 spell: Flame Wave
  3796 | Ossuary  | Gained mutation: You sometimes lose your temper in combat.
                  | [potion of mutation]
  3796 | Ossuary  | Gained mutation: You are partially covered in iridescent
                  | scales. (AC +2) [potion of mutation]
  3806 | Ossuary  | Killed a wraith
  3807 | Ossuary  | Reached skill level 1 in Invocations
  3807 | Ossuary  | Reached XP level 7. HP: 22/41 MP: 4/11
  4011 | D:4      | Found a glowing silver altar of Zin.
  4012 | D:4      | Found a glowing golden altar of the Shining One.
  4014 | D:4      | Found a white marble altar of Elyvilon.
  4361 | D:4      | Reached skill level 5 in Stealth
  4780 | D:5      | Found an iron altar of Okawaru.
  4830 | D:5      | Reached XP level 8. HP: 46/46 MP: 7/13
  4913 | D:5      | Slain by an ogre

Illustrated notes

Levels and vault maps discovered:
D:1:      lemuel_arrival_hallway, layout_basic, minmay_tetromino_o4
D:2:      layout_basic, columned_hall_lemuel
D:3:      layout_loops_ring, marbit_many_paths,
          shapermc_ecumenical_altar_acropolis
D:4:      layout_loops_ring, good_gods_mini_temple, fedhas_altar_4,
          minmay_temple_entry_statues_fountains, enter_ossuary_4
D:5:      layout_loops_ring, mainiacjoe_overflow_small_starburst
Temple:   chequers_temple_sunken

Skill      XL: |  1  2  3  4  5  6  7 |
---------------+----------------------+-----
Stealth        | 3 4 5 |  5.1
Conjurations   | 2 3 |  3.4
Shields        | 1 2 3 |  3.0
Dodging        | 3 |  3.5
Hexes          | 1 2 |  2.0
Spellcasting   | 3 |  3.7
Fire Magic     | 4 |  4.3
Invocations    | 1 2 |  2.2

Action                     |  1- 3 |  4- 6 |  7- 9 || total
---------------------------+-------+-------+-------++-------
  Melee: Short sword       |    36 |       |       ||    36
         Constrict         |     8 |    10 |     6 ||    24
         Punch             |     2 |     1 |       ||     3
         Tentacles         |     5 |     9 |     5 ||    19
         Dagger            |     2 |    54 |    15 ||    71
  Throw: Dart              |       |     2 |     3 ||     5
   Cast: Foxfire           |    32 |    63 |    30 ||   125
         Scorch            |     3 |    10 |     5 ||    18
         Inner Flame       |       |     1 |     6 ||     7
 Invoke: Channel Magic     |       |       |     1 ||     1
    Use: Scroll            |     3 |     6 |     1 ||    10
         Potion            |       |     6 |       ||     6
   Stab: Sleeping          |     6 |     7 |     1 ||    14
 Armour: Skin              |    16 |    31 |    14 ||    61
  Dodge: Dodged            |    47 |    20 |     7 ||    74
  Block: Buckler           |       |     8 |     6 ||    14

Table legend: (Time is in decaauts)
 A = Elapsed time spent in this place.
 B = Non-inter-level travel time spent in this place.
 C = Inter-level travel time spent in this place.
 D = Time resting spent in this place.
 E = Time spent auto-exploring this place.
 F = Levels seen in this place.
 G = Mean time per level.
                   A        B        C        D        E       F      G
               +--------+--------+--------+--------+--------+-----+--------+
         Total |   4935 |   4791 |    144 |    340 |   2654 |   7 |  705.0 |
       Dungeon |   4106 |   3962 |    144 |      0 |   2529 |   5 |  821.2 |
        Temple |     52 |     52 |      0 |      0 |      0 |   1 |   52.0 |
       Ossuary |    776 |    776 |      0 |    340 |    125 |   1 |  776.0 |
               +--------+--------+--------+--------+--------+-----+--------+

Top non-repeatable levels by time:
     D:1: 1125 daAuts
     D:4: 1069 daAuts
     D:2: 931 daAuts
 Ossuary: 776 daAuts
     D:3: 735 daAuts
     D:5: 245 daAuts
  Temple: 52 daAuts
